Philadelphia Flyers vs Colorado Rockies
Created - Monday, September 4, 2023 at 06:58
Goals
|
| Philadelphia Flyers |
0 |
3 |
1 |
4 |
| Colorado Rockies |
1 |
0 |
1 |
2 |
|
Shots
|
| Philadelphia Flyers |
1 |
24 |
12 |
37 |
| Colorado Rockies |
10 |
12 |
8 |
30 |
|
1st period
1. Colorado Rockies , Evgeny Kuznetsov 2 (Tim Stutzle 6, Jesper Bratt 4) at 10:31
Penalties :
Max Pacioretty (PHI) for Roughing (Minor) at 15:39
2nd period
2. Philadelphia Flyers , Elias Lindholm 4 (Matt Duchene 1, Oliver Ekman-Larsson 3) at 6:20
3. Philadelphia Flyers , Matt Duchene 2 (Elias Lindholm 6, Oliver Ekman-Larsson 4) at 11:42
4. Philadelphia Flyers , Max Pacioretty 2 (Jack McBain 3, Radek Faksa 2) at 15:09
Penalties :
Nathan Bastian (PHI) for Charging (Minor) at 2:30, Tim Stutzle (COL) for Roughing (Minor) at 16:03, Charles Hudon (PHI) for Hooking (Minor) at 0:00
3rd period
5. Colorado Rockies , Jesper Bratt 4 (Nick Schmaltz 2, Dylan Strome 1) at 13:54
6. Philadelphia Flyers , Ben Chiarot 1 (Artem Zub 3, Radek Faksa 3) at 19:53 (Empty Net)
Penalties :
Quinn Hughes (COL) for Roughing (Minor) at 17:14
Goalie Stats
Jake Allen (PHI), 28 saves from 30 shots - (0.933), W, 2-2-0, 60:00 minutes
Ilya Samsonov (COL), 33 saves from 36 shots - (0.917), L, 0-2-0, 59:31 minutes
Players Stats for Philadelphia Flyers
Player Name G A P +/- PIM S H SB GA TA FO MP PP MP PK MP
------------------------------------------------------------------------------------
Artem Zub 0 1 1 2 0 1 1 3 0 0 0/0 20:35 0:19 2:54
Auston Matthews 0 0 0 -1 0 3 1 1 2 0 6/11 15:47 1:50 0:03
Ben Chiarot 1 0 1 1 0 2 1 1 0 2 0/0 21:21 0:19 3:04
Bryan Rust 0 0 0 0 0 1 1 0 0 1 0/0 12:33 2:08 2:42
Charles Hudon 0 0 0 0 2 0 0 1 0 0 3/4 7:49 0:00 0:00
Elias Lindholm 1 1 2 1 0 2 1 0 2 1 12/22 19:03 2:08 2:49
Jack McBain 0 1 1 2 0 2 1 0 1 0 1/1 17:45 0:00 3:06
Jesper Fast 0 0 0 0 0 0 0 1 0 0 0/0 7:25 0:00 0:00
Justin Faulk 0 0 0 0 0 4 3 2 0 0 0/0 22:43 2:21 3:04
Lukas Sedlak 0 0 0 2 0 0 5 0 0 0 1/2 14:54 0:00 0:10
Matt Duchene 1 1 2 1 0 8 0 0 0 0 0/0 15:28 1:50 0:00
Matt Roy 0 0 0 0 0 1 2 4 0 1 0/0 20:23 1:18 2:54
Max Pacioretty 1 0 1 1 2 4 0 0 0 0 0/0 15:51 1:50 0:00
Nathan Bastian 0 0 0 -1 2 3 0 2 0 0 0/0 13:57 0:00 0:00
Nick Blankenburg 0 0 0 0 0 0 2 0 0 2 0/0 16:42 1:18 0:00
Oliver Ekman-Larsson 0 2 2 1 0 1 1 4 0 1 0/0 18:16 2:21 0:00
Radek Faksa 0 2 2 2 0 4 0 2 0 0 8/19 17:45 0:00 3:06
Vladimir Tarasenko 0 0 0 -1 0 1 0 0 0 1 0/2 15:43 2:08 0:00
Players Stats for Colorado Rockies
Player Name G A P +/- PIM S H SB GA TA FO MP PP MP PK MP
------------------------------------------------------------------------------------
David Pastrnak 0 0 0 -3 0 3 4 0 0 0 0/0 16:51 2:52 0:00
Dylan Strome 0 1 1 1 0 1 0 0 0 0 7/8 11:07 0:00 0:00
Evgeny Kuznetsov 1 0 1 1 0 1 0 0 1 0 10/16 16:58 0:00 2:09
Jesper Bratt 1 1 2 1 0 4 0 0 1 0 0/0 15:15 2:52 1:14
Kevin Hayes 0 0 0 0 0 2 0 0 0 0 0/0 8:57 0:00 0:00
Kyle Connor 0 0 0 -4 0 0 3 1 1 0 0/1 17:44 3:06 0:00
Kyle Palmieri 0 0 0 0 0 0 0 0 2 0 0/0 8:57 0:00 0:00
Martin Fehervary 0 0 0 1 0 1 1 2 0 1 0/0 14:24 0:00 1:17
Nick Bonino 0 0 0 0 0 0 1 0 0 0 1/7 11:16 0:09 1:44
Nick Schmaltz 0 1 1 0 0 3 0 0 2 0 0/0 12:01 0:09 0:05
Nikita Kucherov 0 0 0 0 0 4 1 1 0 0 0/1 18:27 2:57 0:00
Quinn Hughes 0 0 0 -1 2 1 0 1 0 0 0/0 20:57 3:15 0:59
Roman Josi 0 0 0 -2 0 1 1 1 1 0 0/0 24:43 2:43 1:42
Ryan O'Reilly 0 0 0 -3 0 0 0 1 0 1 10/26 19:01 2:52 1:44
Shea Theodore 0 0 0 1 0 3 1 0 1 1 0/0 13:07 0:00 0:00
Tim Stutzle 0 1 1 1 2 5 6 1 0 2 2/2 19:22 2:57 1:00
Victor Hedman 0 0 0 -2 0 0 3 0 0 0 0/0 24:27 2:43 1:26
Zachary Werenski 0 0 0 -1 0 1 0 1 0 0 0/0 22:26 3:15 2:32
3 Stars
1 - Elias Lindholm (PHI)
2 - Matt Duchene (PHI)
3 - Radek Faksa (PHI)
Power Play
Philadelphia Flyers - 0 on 2 Attempt(s) - 0.00%
Colorado Rockies - 0 on 3 Attempt(s) - 0.00%
Penalty Kill
Philadelphia Flyers - 3 on 3 Attempt(s) - 100.00%
- Score 0 goal in Penalty Kill
Colorado Rockies - 2 on 2 Attempt(s) - 100.00%
- Score 0 goal in Penalty Kill
Team Stat
Philadelphia Flyers - Hits : 19 - Faceoff Wins : 31 - Blocked Shots : 21 - Penalty Minutes : 6
Colorado Rockies - Hits : 21 - Faceoff Wins : 30 - Blocked Shots : 9 - Penalty Minutes : 4
Official
Referees : Dean Morton and Kyle Rehman
Linesman : Lonnie Cameron and Ryan Galloway
Game Notes
Ben Chiarot has scored in a empty net!
Finance
Level 1 -- Attendance: 5330 (88.83%) -- Ticket Income $479,700
Level 2 -- Attendance: 4989 (99.78%) -- Ticket Income $274,395
Level 3 -- Attendance: 2240 (74.67%) -- Ticket Income $78,400
Level 4 -- Attendance: 3544 (70.88%) -- Ticket Income $88,600
Luxury Box -- Attendance: 940 (94.00%) -- Ticket Income $164,500
Game was played at the Pepsi Center.
Total Attendance: 17043 (85.22%)
Total Ticket Income: $1,085,595
Other Income: $379,958
Total Income: $1,465,553
Philadelphia Flyers
5 vs 5 Forward
Center Left Wing Right Wing Time % Phy DF OF
1 Auston Matthews Vladimir Tarasenko Nathan Bastian 32 1 1 3
2 Elias Lindholm Matt Duchene Lukas Sedlak 32 1 3 1
3 Radek Faksa Max Pacioretty Jack McBain 31 2 2 1
4 Charles Hudon Bryan Rust Jesper Fast 5 1 2 2
5 vs 5 Defense
Defense Defense Time % Phy DF OF
1 Justin Faulk Ben Chiarot 35 1 2 2
2 Oliver Ekman-Larsson Artem Zub 35 1 2 2
3 Nick Blankenburg Matt Roy 30 1 2 2
4 Justin Faulk Ben Chiarot 0 1 2 2
PowerPlay Forward
Center Left Wing Right Wing Time % Phy DF OF
1 Auston Matthews Max Pacioretty Matt Duchene 50 0 1 4
2 Elias Lindholm Vladimir Tarasenko Bryan Rust 50 0 1 4
PowerPlay Defense
Defense Defense Time % Phy DF OF
1 Justin Faulk Oliver Ekman-Larsson 50 0 2 3
2 Nick Blankenburg Matt Roy 50 0 2 3
Penalty Kill 4 Players Forward
Center Wing Time % Phy DF OF
1 Radek Faksa Jack McBain 50 1 3 1
2 Elias Lindholm Bryan Rust 50 1 3 1
Penalty Kill 4 Players Defense
Defense Defense Time % Phy DF OF
1 Justin Faulk Ben Chiarot 50 1 4 0
2 Artem Zub Matt Roy 50 1 4 0
Penalty Kill - 3 Players Forward
Forward Time % Phy DF OF
1 Radek Faksa 50 0 4 1
2 Jack McBain 50 0 4 1
Penalty Kill - 3 Players Defense
Defense Defense Time % Phy DF OF
1 Justin Faulk Ben Chiarot 50 0 5 0
2 Artem Zub Matt Roy 50 0 5 0
4 vs 4 Forward
Center Wing Time % Phy DF OF
1 Auston Matthews Matt Duchene 50 1 1 3
2 Elias Lindholm Max Pacioretty 50 1 2 2
4 vs 4 Defense
Defense Defense Time % Phy DF OF
1 Justin Faulk Ben Chiarot 50 1 2 2
2 Oliver Ekman-Larsson Artem Zub 50 1 2 2
Last Minutes Offensive
Center Left Wing Right Wing Defense Defense
Auston Matthews Max Pacioretty Matt Duchene Justin Faulk Oliver Ekman-Larsson
Last Minutes Defensive
Center Left Wing Right Wing Defense Defense
Elias Lindholm Radek Faksa Jack McBain Ben Chiarot Matt Roy
Goaltenders
Starting : Jake Allen
Backup : Connor Ingram
Extra Forwards
Normal : Auston Matthews, Elias Lindholm, Matt Duchene - PP : Auston Matthews, Elias Lindholm - PK : Elias Lindholm
Extra Defensemen
Normal : Justin Faulk, Oliver Ekman-Larsson, Nick Blankenburg - PP : Justin Faulk - PK : Ben Chiarot, Matt Roy
Penalty Shots
Auston Matthews, Elias Lindholm, Bryan Rust, Matt Duchene, Vladimir Tarasenko
Colorado Rockies
5 vs 5 Forward
Center Left Wing Right Wing Time % Phy DF OF
1 Evgeny Kuznetsov Tim Stutzle Nikita Kucherov 33 1 2 2
2 Ryan O'Reilly Kyle Connor David Pastrnak 30 1 2 2
3 Dylan Strome Jesper Bratt Nick Schmaltz 25 1 2 2
4 Nick Bonino Kevin Hayes Kyle Palmieri 12 1 2 2
5 vs 5 Defense
Defense Defense Time % Phy DF OF
1 Victor Hedman Roman Josi 35 1 2 2
2 Quinn Hughes Zachary Werenski 33 1 2 2
3 Shea Theodore Martin Fehervary 27 1 2 2
4 Victor Hedman Roman Josi 5 1 2 2
PowerPlay Forward
Center Left Wing Right Wing Time % Phy DF OF
1 Tim Stutzle Kyle Connor Nikita Kucherov 50 1 2 2
2 Ryan O'Reilly Jesper Bratt David Pastrnak 50 1 2 2
PowerPlay Defense
Defense Defense Time % Phy DF OF
1 Victor Hedman Roman Josi 50 1 2 2
2 Quinn Hughes Zachary Werenski 50 1 2 2
Penalty Kill 4 Players Forward
Center Wing Time % Phy DF OF
1 Ryan O'Reilly Nick Bonino 50 1 2 2
2 Evgeny Kuznetsov Tim Stutzle 50 1 2 2
Penalty Kill 4 Players Defense
Defense Defense Time % Phy DF OF
1 Victor Hedman Roman Josi 50 1 2 2
2 Quinn Hughes Zachary Werenski 50 1 2 2
Penalty Kill - 3 Players Forward
Forward Time % Phy DF OF
1 Ryan O'Reilly 50 1 2 2
2 Nick Bonino 50 1 2 2
Penalty Kill - 3 Players Defense
Defense Defense Time % Phy DF OF
1 Victor Hedman Roman Josi 50 1 2 2
2 Quinn Hughes Zachary Werenski 50 1 2 2
4 vs 4 Forward
Center Wing Time % Phy DF OF
1 Tim Stutzle Nikita Kucherov 50 1 2 2
2 Ryan O'Reilly David Pastrnak 50 1 2 2
4 vs 4 Defense
Defense Defense Time % Phy DF OF
1 Victor Hedman Roman Josi 50 1 2 2
2 Quinn Hughes Zachary Werenski 50 1 2 2
Last Minutes Offensive
Center Left Wing Right Wing Defense Defense
Tim Stutzle Kyle Connor Nikita Kucherov Victor Hedman Roman Josi
Last Minutes Defensive
Center Left Wing Right Wing Defense Defense
Tim Stutzle Kyle Connor Nikita Kucherov Victor Hedman Roman Josi
Goaltenders
Starting : Ilya Samsonov
Backup : Andrei Vasilevskiy
Extra Forwards
Normal : Nick Bonino, Ryan O'Reilly, Evgeny Kuznetsov - PP : Nick Bonino, Ryan O'Reilly - PK : Evgeny Kuznetsov
Extra Defensemen
Normal : Shea Theodore, Martin Fehervary, Quinn Hughes - PP : Shea Theodore - PK : Martin Fehervary, Quinn Hughes
Penalty Shots
Tim Stutzle, Nikita Kucherov, David Pastrnak, Kyle Connor, Jesper Bratt
% Time on Ice - Philadelphia Flyers
Lines # - Real PCT - Wanted PCT - Time Play
Normal Forward
1 - 28% - 32% - 13:58
2 - 29% - 32% - 14:26
3 - 28% - 31% - 13:39
4 - 15% - 5% - 7:25
Normal Defense
1 - 35% - 35% - 17:18
2 - 34% - 35% - 16:52
3 - 31% - 30% - 15:18
4 - 0% - 0% - 0:00
PP Forward
1 - 46% - 50% - 1:50
2 - 54% - 50% - 2:08
PP Defense
1 - 59% - 50% - 2:21
2 - 41% - 50% - 1:37
PK Forward
1 - 52% - 50% - 3:06
2 - 48% - 50% - 2:52
PK Defense
1 - 51% - 50% - 3:04
2 - 49% - 50% - 2:54
PK3 Forward
1 - 0% - 50%
2 - 0% - 50%
PK3 Defense
1 - 0% - 50%
2 - 0% - 50%
44 Forward
1 - 0% - 50%
2 - 0% - 50%
44 Defense
1 - 0% - 50%
2 - 0% - 50%
Last Minute Offensive - 0:00
Last Minute Defensive - 0:36
Total
Forward - 60:00
Defense - 60:00
|
% Time on Ice - Colorado Rockies
Lines # - Real PCT - Wanted PCT - Time Play
Normal Forward
1 - 31% - 33% - 15:21
2 - 28% - 30% - 14:04
3 - 22% - 25% - 11:07
4 - 18% - 12% - 8:57
Normal Defense
1 - 37% - 35% - 18:25
2 - 34% - 33% - 16:39
3 - 27% - 27% - 13:07
4 - 3% - 5% - 1:18
PP Forward
1 - 52% - 50% - 3:06
2 - 48% - 50% - 2:52
PP Defense
1 - 46% - 50% - 2:43
2 - 54% - 50% - 3:15
PK Forward
1 - 44% - 50% - 1:44
2 - 56% - 50% - 2:14
PK Defense
1 - 36% - 50% - 1:26
2 - 64% - 50% - 2:32
PK3 Forward
1 - 0% - 50%
2 - 0% - 50%
PK3 Defense
1 - 0% - 50%
2 - 0% - 50%
44 Forward
1 - 0% - 50%
2 - 0% - 50%
44 Defense
1 - 0% - 50%
2 - 0% - 50%
Last Minute Offensive - 0:35
Last Minute Defensive - 0:00
Total
Forward - 60:00
Defense - 60:00
|
Play-by-Play
1st period
0:01 of 1st period - Auston Matthews wins face-off versus Evgeny Kuznetsov in neutral zone.
0:06 of 1st period - Ben Chiarot is hit by Victor Hedman and loses puck.
0:15 of 1st period - Snap shot by Tim Stutzle.
0:15 of 1st period - Stopped by Jake Allen with a rebound.
0:17 of 1st period - Wrist shot by Evgeny Kuznetsov.
0:17 of 1st period - Shot Misses the Net.
1:00 of 1st period - Slapshot by Jesper Bratt.
1:00 of 1st period - Shot Misses the Net.
1:02 of 1st period - Wrist shot by Nick Schmaltz.
1:02 of 1st period - Shot Blocked by Oliver Ekman-Larsson.
1:18 of 1st period - Wrist shot by Jesper Fast.
1:18 of 1st period - Shot Misses the Net.
1:32 of 1st period - Quinn Hughes is hit by Artem Zub and loses puck.
1:39 of 1st period - Slapshot by Zachary Werenski.
1:39 of 1st period - Shot Blocked by Oliver Ekman-Larsson.
1:52 of 1st period - Off-side.
1:53 of 1st period - Ryan O'Reilly wins face-off versus Elias Lindholm in neutral zone.
2:20 of 1st period - Martin Fehervary is hit by Elias Lindholm and loses puck.
2:51 of 1st period - Snap shot by Elias Lindholm.
2:51 of 1st period - Shot Misses the Net.
2:53 of 1st period - Wrist shot by Matt Duchene.
2:53 of 1st period - Shot Misses the Net.
4:00 of 1st period - Off-side.
4:01 of 1st period - Dylan Strome wins face-off versus Radek Faksa in neutral zone.
4:04 of 1st period - Radek Faksa is hit by Shea Theodore and loses puck.
4:19 of 1st period - Martin Fehervary is hit by Justin Faulk and loses puck.
4:38 of 1st period - Snap shot by Kyle Palmieri.
4:38 of 1st period - Shot Misses the Net.
4:56 of 1st period - Justin Faulk is hit by Victor Hedman and loses puck.
5:17 of 1st period - Jesper Fast is hit by Martin Fehervary and loses puck.
5:44 of 1st period - Off-side.
5:45 of 1st period - Evgeny Kuznetsov wins face-off versus Charles Hudon in neutral zone.
6:39 of 1st period - Martin Fehervary is hit by Matt Roy and loses puck.
7:54 of 1st period - Wrist shot by Jesper Bratt.
7:54 of 1st period - Stopped by Jake Allen with a rebound.
7:56 of 1st period - Wrist shot by Nick Schmaltz.
7:56 of 1st period - Shot Misses the Net.
8:14 of 1st period - Wrist shot by Kyle Connor.
8:14 of 1st period - Shot Blocked by Jesper Fast.
8:16 of 1st period - Slapshot by Shea Theodore.
8:16 of 1st period - Stopped by Jake Allen without a rebound.
8:17 of 1st period - Evgeny Kuznetsov wins face-off versus Auston Matthews in Philadelphia Flyers zone.
8:54 of 1st period - Wrist shot by Nick Schmaltz.
8:54 of 1st period - Stopped by Jake Allen with a rebound.
9:06 of 1st period - Snap shot by Kyle Connor.
9:06 of 1st period - Shot Blocked by Oliver Ekman-Larsson.
9:32 of 1st period - Snap shot by Auston Matthews.
9:32 of 1st period - Stopped by Ilya Samsonov with a rebound.
9:48 of 1st period - Artem Zub is hit by Tim Stutzle and loses puck.
9:57 of 1st period - Snap shot by Nikita Kucherov.
9:57 of 1st period - Shot Blocked by Artem Zub.
9:59 of 1st period - Slapshot by Quinn Hughes.
9:59 of 1st period - Deflect By Nikita Kucherov.
9:59 of 1st period - Shot Blocked by Nathan Bastian.
9:59 of 1st period - Puck is out of play.
10:00 of 1st period - Dylan Strome wins face-off versus Radek Faksa in Philadelphia Flyers zone.
10:27 of 1st period - Snap shot by Jesper Bratt.
10:27 of 1st period - Shot Misses the Net.
10:29 of 1st period - Slapshot by Tim Stutzle.
10:29 of 1st period - Stopped by Jake Allen with a rebound.
10:31 of 1st period - Wrist shot by Evgeny Kuznetsov.
10:31 of 1st period - Goal by Evgeny Kuznetsov - Philadelphia Flyers : 0 - Colorado Rockies : 1.
10:32 of 1st period - Evgeny Kuznetsov wins face-off versus Radek Faksa in neutral zone.
10:40 of 1st period - Wrist shot by Nikita Kucherov.
10:40 of 1st period - Shot Misses the Net.
11:12 of 1st period - Wrist shot by David Pastrnak.
11:12 of 1st period - Shot Misses the Net.
12:08 of 1st period - Jesper Fast is hit by Nikita Kucherov and loses puck.
13:35 of 1st period - Shea Theodore is hit by Nick Blankenburg and loses puck.
13:46 of 1st period - Snap shot by Nikita Kucherov.
13:46 of 1st period - Shot Blocked by Matt Roy.
13:56 of 1st period - Charles Hudon is hit by Kyle Connor.
14:24 of 1st period - Jesper Bratt is hit by Ben Chiarot and loses puck.
14:41 of 1st period - Ben Chiarot is hit by Roman Josi and loses puck.
15:39 of 1st period - Minor Penalty to Max Pacioretty for Roughing.
15:40 of 1st period - Radek Faksa wins face-off versus Kyle Connor in Philadelphia Flyers zone.
15:53 of 1st period - Slapshot by Nikita Kucherov.
15:53 of 1st period - Stopped by Jake Allen with a rebound.
15:55 of 1st period - Wrist shot by Kyle Connor.
15:55 of 1st period - Shot Misses the Net.
15:57 of 1st period - Snap shot by Nikita Kucherov.
15:57 of 1st period - Stopped by Jake Allen without a rebound.
15:58 of 1st period - Ryan O'Reilly wins face-off versus Elias Lindholm in Philadelphia Flyers zone.
16:25 of 1st period - Justin Faulk is hit by Tim Stutzle.
17:39 of 1st period - Penalty to Max Pacioretty is over, Max Pacioretty is back on ice.
17:58 of 1st period - Snap shot by Kevin Hayes.
17:58 of 1st period - Stopped by Jake Allen without a rebound.
17:59 of 1st period - Auston Matthews wins face-off versus Nick Bonino in Philadelphia Flyers zone.
18:23 of 1st period - Icing by Kyle Palmieri.
18:24 of 1st period - Elias Lindholm wins face-off versus Nick Bonino in Colorado Rockies zone.
18:25 of 1st period - Snap shot by Matt Duchene.
18:25 of 1st period - Shot Blocked by Martin Fehervary.
18:35 of 1st period - Wrist shot by Kyle Palmieri.
18:35 of 1st period - Shot Misses the Net.
18:55 of 1st period - Wrist shot by Kevin Hayes.
18:55 of 1st period - Shot Blocked by Ben Chiarot.
18:57 of 1st period - Slapshot by Shea Theodore.
18:57 of 1st period - Shot Blocked by Radek Faksa.
18:59 of 1st period - Slapshot by Kyle Palmieri.
18:59 of 1st period - Shot Blocked by Radek Faksa.
19:01 of 1st period - Wrist shot by Nick Bonino.
19:01 of 1st period - Shot Misses the Net.
19:23 of 1st period - Wrist shot by Kevin Hayes.
19:23 of 1st period - Shot Blocked by Justin Faulk.
19:25 of 1st period - Slapshot by Shea Theodore.
19:25 of 1st period - Stopped by Jake Allen without a rebound.
19:26 of 1st period - Auston Matthews wins face-off versus Evgeny Kuznetsov in Philadelphia Flyers zone.
19:26 of 1st period - Auston Matthews is hit by Tim Stutzle.
Goals for this period are 0 for Philadelphia Flyers vs 1 for Colorado Rockies.
Shots for this period are 1 for Philadelphia Flyers vs 10 for Colorado Rockies.
2nd period
0:01 of 2nd period - Evgeny Kuznetsov wins face-off versus Auston Matthews in neutral zone.
0:36 of 2nd period - Wrist shot by Matt Duchene.
0:36 of 2nd period - Shot Misses the Net.
0:58 of 2nd period - Wrist shot by Max Pacioretty.
0:58 of 2nd period - Deflect By Radek Faksa.
0:58 of 2nd period - Shot Blocked by Zachary Werenski.
0:58 of 2nd period - Puck is out of play.
0:59 of 2nd period - Auston Matthews wins face-off versus Evgeny Kuznetsov in Colorado Rockies zone.
1:08 of 2nd period - Wrist shot by Vladimir Tarasenko.
1:08 of 2nd period - Stopped by Ilya Samsonov without a rebound.
1:09 of 2nd period - Evgeny Kuznetsov wins face-off versus Auston Matthews in Colorado Rockies zone.
1:09 of 2nd period - Evgeny Kuznetsov is hit by Auston Matthews.
1:23 of 2nd period - Snap shot by Tim Stutzle.
1:23 of 2nd period - Shot Blocked by Nathan Bastian.
1:41 of 2nd period - Snap shot by Evgeny Kuznetsov.
1:41 of 2nd period - Shot Misses the Net.
1:47 of 2nd period - Nathan Bastian is hit by Victor Hedman and loses puck.
2:28 of 2nd period - Wrist shot by Evgeny Kuznetsov.
2:28 of 2nd period - Shot Blocked by Auston Matthews.
2:30 of 2nd period - Minor Penalty to Nathan Bastian for Charging.
2:31 of 2nd period - Elias Lindholm wins face-off versus Ryan O'Reilly in Philadelphia Flyers zone.
3:31 of 2nd period - Snap shot by Roman Josi.
3:31 of 2nd period - Shot Blocked by Matt Roy.
3:35 of 2nd period - Wrist shot by David Pastrnak.
3:35 of 2nd period - Stopped by Jake Allen without a rebound.
3:36 of 2nd period - Tim Stutzle wins face-off versus Elias Lindholm in Philadelphia Flyers zone.
3:57 of 2nd period - Kyle Connor is hit by Jack McBain and loses puck.
4:30 of 2nd period - Penalty to Nathan Bastian is over, Nathan Bastian is back on ice.
4:34 of 2nd period - Elias Lindholm is hit by Nick Bonino and loses puck.
4:40 of 2nd period - Icing by Nathan Bastian.
4:41 of 2nd period - Elias Lindholm wins face-off versus Nick Bonino in Philadelphia Flyers zone.
4:52 of 2nd period - Slapshot by Kyle Palmieri.
4:52 of 2nd period - Shot Misses the Net.
4:54 of 2nd period - Slapshot by Martin Fehervary.
4:54 of 2nd period - Stopped by Jake Allen with a rebound.
4:56 of 2nd period - Slapshot by Shea Theodore.
4:56 of 2nd period - Stopped by Jake Allen without a rebound.
4:57 of 2nd period - Dylan Strome wins face-off versus Radek Faksa in Philadelphia Flyers zone.
5:46 of 2nd period - Snap shot by Jesper Bratt.
5:46 of 2nd period - Stopped by Jake Allen with a rebound.
5:48 of 2nd period - Snap shot by Nick Schmaltz.
5:48 of 2nd period - Stopped by Jake Allen with a rebound.
5:50 of 2nd period - Slapshot by Quinn Hughes.
5:50 of 2nd period - Shot Misses the Net.
6:10 of 2nd period - Snap shot by Radek Faksa.
6:10 of 2nd period - Stopped by Ilya Samsonov without a rebound.
6:11 of 2nd period - Elias Lindholm wins face-off versus Ryan O'Reilly in Colorado Rockies zone.
6:12 of 2nd period - Wrist shot by Matt Duchene.
6:12 of 2nd period - Stopped by Ilya Samsonov without a rebound.
6:13 of 2nd period - Elias Lindholm wins face-off versus Ryan O'Reilly in Colorado Rockies zone.
6:16 of 2nd period - Slapshot by Matt Duchene.
6:16 of 2nd period - Stopped by Ilya Samsonov with a rebound.
6:18 of 2nd period - Slapshot by Oliver Ekman-Larsson.
6:18 of 2nd period - Shot Misses the Net.
6:20 of 2nd period - Snap shot by Matt Duchene.
6:20 of 2nd period - Deflect By Elias Lindholm.
6:20 of 2nd period - Goal by Elias Lindholm - Philadelphia Flyers : 1 - Colorado Rockies : 1.
6:21 of 2nd period - Ryan O'Reilly wins face-off versus Lukas Sedlak in neutral zone.
6:26 of 2nd period - Snap shot by Matt Duchene.
6:26 of 2nd period - Stopped by Ilya Samsonov with a rebound.
6:28 of 2nd period - Slapshot by Artem Zub.
6:28 of 2nd period - Shot Blocked by Roman Josi.
6:30 of 2nd period - Snap shot by Oliver Ekman-Larsson.
6:30 of 2nd period - Shot Misses the Net.
6:55 of 2nd period - Snap shot by Tim Stutzle.
6:55 of 2nd period - Stopped by Jake Allen with a rebound.
6:57 of 2nd period - Snap shot by Tim Stutzle.
6:57 of 2nd period - Stopped by Jake Allen without a rebound.
6:58 of 2nd period - Evgeny Kuznetsov wins face-off versus Radek Faksa in Philadelphia Flyers zone.
7:11 of 2nd period - Wrist shot by Nikita Kucherov.
7:11 of 2nd period - Shot Misses the Net.
7:13 of 2nd period - Slapshot by Zachary Werenski.
7:13 of 2nd period - Stopped by Jake Allen with a rebound.
7:15 of 2nd period - Slapshot by Quinn Hughes.
7:15 of 2nd period - Stopped by Jake Allen with a rebound.
8:06 of 2nd period - Auston Matthews is hit by Tim Stutzle and loses puck.
8:13 of 2nd period - Slapshot by Vladimir Tarasenko.
8:13 of 2nd period - Shot Misses the Net.
8:15 of 2nd period - Slapshot by Matt Roy.
8:15 of 2nd period - Shot Hit the Post.
8:21 of 2nd period - Snap shot by Auston Matthews.
8:21 of 2nd period - Shot Misses the Net.
8:23 of 2nd period - Wrist shot by Nathan Bastian.
8:23 of 2nd period - Stopped by Ilya Samsonov with a rebound.
9:26 of 2nd period - Wrist shot by Auston Matthews.
9:26 of 2nd period - Shot Misses the Net.
9:28 of 2nd period - Slapshot by Matt Roy.
9:28 of 2nd period - Stopped by Ilya Samsonov with a rebound.
9:30 of 2nd period - Snap shot by Auston Matthews.
9:30 of 2nd period - Deflect By Nathan Bastian.
9:30 of 2nd period - Stopped by Ilya Samsonov with a rebound.
9:58 of 2nd period - Victor Hedman is hit by Matt Roy and loses puck.
10:09 of 2nd period - Slapshot by Auston Matthews.
10:09 of 2nd period - Shot Misses the Net.
10:11 of 2nd period - Slapshot by Matt Roy.
10:11 of 2nd period - Shot Misses the Net.
10:13 of 2nd period - Snap shot by Nathan Bastian.
10:13 of 2nd period - Stopped by Ilya Samsonov without a rebound.
10:14 of 2nd period - Ryan O'Reilly wins face-off versus Elias Lindholm in Colorado Rockies zone.
10:27 of 2nd period - Snap shot by Matt Duchene.
10:27 of 2nd period - Shot Misses the Net.
10:53 of 2nd period - Martin Fehervary is hit by Bryan Rust and loses puck.
11:42 of 2nd period - Snap shot by Matt Duchene.
11:42 of 2nd period - Goal by Matt Duchene - Philadelphia Flyers : 2 - Colorado Rockies : 1.
11:43 of 2nd period - Lukas Sedlak wins face-off versus Ryan O'Reilly in neutral zone.
12:01 of 2nd period - Icing by Elias Lindholm.
12:02 of 2nd period - Dylan Strome wins face-off versus Elias Lindholm in Philadelphia Flyers zone.
12:28 of 2nd period - Dylan Strome is hit by Lukas Sedlak and loses puck.
12:46 of 2nd period - Icing by Elias Lindholm.
12:47 of 2nd period - Elias Lindholm wins face-off versus Ryan O'Reilly in Philadelphia Flyers zone.
12:49 of 2nd period - Icing by Matt Duchene.
12:50 of 2nd period - Elias Lindholm wins face-off versus Ryan O'Reilly in Philadelphia Flyers zone.
12:50 of 2nd period - Elias Lindholm is hit by Kyle Connor.
12:56 of 2nd period - Wrist shot by Matt Duchene.
12:56 of 2nd period - Stopped by Ilya Samsonov with a rebound.
13:18 of 2nd period - Snap shot by Elias Lindholm.
13:18 of 2nd period - Shot Misses the Net.
13:22 of 2nd period - Slapshot by Matt Duchene.
13:22 of 2nd period - Stopped by Ilya Samsonov without a rebound.
13:23 of 2nd period - Radek Faksa wins face-off versus Evgeny Kuznetsov in Colorado Rockies zone.
13:26 of 2nd period - Snap shot by Max Pacioretty.
13:26 of 2nd period - Stopped by Ilya Samsonov with a rebound.
13:28 of 2nd period - Slapshot by Oliver Ekman-Larsson.
13:28 of 2nd period - Shot Blocked by Tim Stutzle.
13:30 of 2nd period - Slapshot by Artem Zub.
13:30 of 2nd period - Stopped by Ilya Samsonov with a rebound.
13:32 of 2nd period - Backhand shot by Oliver Ekman-Larsson.
13:32 of 2nd period - Stopped by Ilya Samsonov with a rebound.
13:36 of 2nd period - Wrist shot by Radek Faksa.
13:36 of 2nd period - Shot Misses the Net.
13:38 of 2nd period - Wrist shot by Jack McBain.
13:38 of 2nd period - Shot Misses the Net.
14:15 of 2nd period - Slapshot by Bryan Rust.
14:15 of 2nd period - Stopped by Ilya Samsonov without a rebound.
14:16 of 2nd period - Charles Hudon wins face-off versus Ryan O'Reilly in Colorado Rockies zone.
14:17 of 2nd period - Slapshot by Bryan Rust.
14:17 of 2nd period - Shot Blocked by Kyle Connor.
14:19 of 2nd period - Slapshot by Justin Faulk.
14:19 of 2nd period - Stopped by Ilya Samsonov without a rebound.
14:20 of 2nd period - Jack McBain wins face-off versus Ryan O'Reilly in Colorado Rockies zone.
14:25 of 2nd period - Slapshot by Justin Faulk.
14:25 of 2nd period - Shot Blocked by Quinn Hughes.
14:29 of 2nd period - Snap shot by Max Pacioretty.
14:29 of 2nd period - Stopped by Ilya Samsonov without a rebound.
14:30 of 2nd period - Radek Faksa wins face-off versus Ryan O'Reilly in Colorado Rockies zone.
14:31 of 2nd period - Slapshot by Max Pacioretty.
14:31 of 2nd period - Shot Misses the Net.
14:41 of 2nd period - Wrist shot by Radek Faksa.
14:41 of 2nd period - Shot Misses the Net.
14:43 of 2nd period - Snap shot by Jack McBain.
14:43 of 2nd period - Stopped by Ilya Samsonov with a rebound.
14:45 of 2nd period - Snap shot by Artem Zub.
14:45 of 2nd period - Shot Hit the Post.
14:47 of 2nd period - Slapshot by Artem Zub.
14:47 of 2nd period - Shot Misses the Net.
14:49 of 2nd period - Backhand shot by Radek Faksa.
14:49 of 2nd period - Shot Misses the Net.
14:51 of 2nd period - Snap shot by Max Pacioretty.
14:51 of 2nd period - Shot Blocked by Ryan O'Reilly.
15:05 of 2nd period - Wrist shot by Radek Faksa.
15:05 of 2nd period - Stopped by Ilya Samsonov with a rebound.
15:07 of 2nd period - Snap shot by Jack McBain.
15:07 of 2nd period - Stopped by Ilya Samsonov with a rebound.
15:09 of 2nd period - Wrist shot by Max Pacioretty.
15:09 of 2nd period - Goal by Max Pacioretty - Philadelphia Flyers : 3 - Colorado Rockies : 1.
15:10 of 2nd period - Evgeny Kuznetsov wins face-off versus Elias Lindholm in neutral zone.
15:21 of 2nd period - Wrist shot by Nikita Kucherov.
15:21 of 2nd period - Stopped by Jake Allen without a rebound.
15:22 of 2nd period - Radek Faksa wins face-off versus Ryan O'Reilly in Philadelphia Flyers zone.
15:22 of 2nd period - Radek Faksa is hit by David Pastrnak.
16:03 of 2nd period - Minor Penalty to Tim Stutzle for Roughing.
16:04 of 2nd period - Auston Matthews wins face-off versus Ryan O'Reilly in Colorado Rockies zone.
16:18 of 2nd period - Snap shot by Jesper Bratt.
16:18 of 2nd period - Shot Blocked by Matt Roy.
16:20 of 2nd period - Slapshot by Jesper Bratt.
16:20 of 2nd period - Stopped by Jake Allen without a rebound.
16:21 of 2nd period - Ryan O'Reilly wins face-off versus Vladimir Tarasenko in Philadelphia Flyers zone.
17:03 of 2nd period - Zachary Werenski is hit by Justin Faulk and loses puck.
17:34 of 2nd period - Slapshot by Elias Lindholm.
17:34 of 2nd period - Stopped by Ilya Samsonov without a rebound.
17:35 of 2nd period - Auston Matthews wins face-off versus Evgeny Kuznetsov in Colorado Rockies zone.
17:38 of 2nd period - Wrist shot by Auston Matthews.
17:38 of 2nd period - Shot Misses the Net.
18:03 of 2nd period - Penalty to Tim Stutzle is over, Tim Stutzle is back on ice.
18:26 of 2nd period - Wrist shot by Ryan O'Reilly.
18:26 of 2nd period - Shot Hit the Post.
18:28 of 2nd period - Snap shot by Tim Stutzle.
18:28 of 2nd period - Stopped by Jake Allen without a rebound.
18:29 of 2nd period - Dylan Strome wins face-off versus Radek Faksa in Philadelphia Flyers zone.
18:54 of 2nd period - Elias Lindholm is hit by David Pastrnak and loses puck.
19:24 of 2nd period - Icing by Nick Bonino.
19:25 of 2nd period - Charles Hudon wins face-off versus Nick Bonino in Colorado Rockies zone.
19:41 of 2nd period - Slapshot by Quinn Hughes.
19:41 of 2nd period - Shot Blocked by Artem Zub.
Goals for this period are 3 for Philadelphia Flyers vs 0 for Colorado Rockies.
Shots for this period are 24 for Philadelphia Flyers vs 12 for Colorado Rockies.
0:00 of 3rd period - Minor Penalty to Charles Hudon for Hooking.
Goals for this period are 3 for Philadelphia Flyers vs 0 for Colorado Rockies.
Shots for this period are 24 for Philadelphia Flyers vs 12 for Colorado Rockies.
3rd period
0:01 of 3rd period - Tim Stutzle wins face-off versus Elias Lindholm in neutral zone.
0:04 of 3rd period - Slapshot by Roman Josi.
0:04 of 3rd period - Stopped by Jake Allen without a rebound.
0:05 of 3rd period - Elias Lindholm wins face-off versus Nikita Kucherov in Philadelphia Flyers zone.
0:14 of 3rd period - Wrist shot by Radek Faksa.
0:14 of 3rd period - Stopped by Ilya Samsonov with a rebound.
0:31 of 3rd period - Off-side.
0:32 of 3rd period - Ryan O'Reilly wins face-off versus Elias Lindholm in neutral zone.
2:00 of 3rd period - Penalty to Charles Hudon is over, Charles Hudon is back on ice.
2:12 of 3rd period - Slapshot by Kevin Hayes.
2:12 of 3rd period - Shot Blocked by Justin Faulk.
2:15 of 3rd period - Icing by Ben Chiarot.
2:16 of 3rd period - Nick Bonino wins face-off versus Radek Faksa in Philadelphia Flyers zone.
2:21 of 3rd period - Wrist shot by Kyle Palmieri.
2:21 of 3rd period - Shot Blocked by Charles Hudon.
2:23 of 3rd period - Slapshot by Victor Hedman.
2:23 of 3rd period - Deflect By Kyle Palmieri.
2:23 of 3rd period - Shot Misses the Net.
2:23 of 3rd period - Puck is out of play.
2:24 of 3rd period - Elias Lindholm wins face-off versus Nick Bonino in Philadelphia Flyers zone.
2:33 of 3rd period - Slapshot by Victor Hedman.
2:33 of 3rd period - Shot Blocked by Artem Zub.
2:49 of 3rd period - Kyle Connor is hit by Oliver Ekman-Larsson and loses puck.
3:09 of 3rd period - Off-side.
3:10 of 3rd period - Charles Hudon wins face-off versus Dylan Strome in neutral zone.
3:33 of 3rd period - Snap shot by Jesper Bratt.
3:33 of 3rd period - Deflect By Dylan Strome.
3:33 of 3rd period - Shot Misses the Net.
3:33 of 3rd period - Puck is out of play.
3:34 of 3rd period - Radek Faksa wins face-off versus Ryan O'Reilly in Philadelphia Flyers zone.
4:11 of 3rd period - Wrist shot by Tim Stutzle.
4:11 of 3rd period - Shot Misses the Net.
4:31 of 3rd period - Slapshot by Auston Matthews.
4:31 of 3rd period - Stopped by Ilya Samsonov without a rebound.
4:32 of 3rd period - Ryan O'Reilly wins face-off versus Radek Faksa in Colorado Rockies zone.
4:45 of 3rd period - Jack McBain is hit by Kyle Connor and loses puck.
5:25 of 3rd period - Tim Stutzle is hit by Lukas Sedlak and loses puck.
5:51 of 3rd period - Zachary Werenski is hit by Nick Blankenburg and loses puck.
6:06 of 3rd period - Snap shot by Kevin Hayes.
6:06 of 3rd period - Stopped by Jake Allen without a rebound.
6:07 of 3rd period - Elias Lindholm wins face-off versus Nick Bonino in Philadelphia Flyers zone.
6:12 of 3rd period - Snap shot by Artem Zub.
6:12 of 3rd period - Shot Misses the Net.
6:22 of 3rd period - Snap shot by Elias Lindholm.
6:22 of 3rd period - Deflect By Matt Duchene.
6:22 of 3rd period - Shot Blocked by Martin Fehervary.
6:22 of 3rd period - Puck is out of play.
6:23 of 3rd period - Radek Faksa wins face-off versus Ryan O'Reilly in Colorado Rockies zone.
7:11 of 3rd period - Snap shot by Nick Schmaltz.
7:11 of 3rd period - Stopped by Jake Allen without a rebound.
7:12 of 3rd period - Dylan Strome wins face-off versus Auston Matthews in Philadelphia Flyers zone.
7:27 of 3rd period - Wrist shot by Vladimir Tarasenko.
7:27 of 3rd period - Shot Misses the Net.
7:37 of 3rd period - Oliver Ekman-Larsson is hit by Tim Stutzle and loses puck.
8:01 of 3rd period - Elias Lindholm is hit by David Pastrnak and loses puck.
8:06 of 3rd period - Snap shot by David Pastrnak.
8:06 of 3rd period - Stopped by Jake Allen with a rebound.
8:08 of 3rd period - Slapshot by Kyle Connor.
8:08 of 3rd period - Shot Misses the Net.
8:10 of 3rd period - Wrist shot by David Pastrnak.
8:10 of 3rd period - Shot Misses the Net.
8:30 of 3rd period - Snap shot by Auston Matthews.
8:30 of 3rd period - Stopped by Ilya Samsonov with a rebound.
8:45 of 3rd period - Snap shot by Dylan Strome.
8:45 of 3rd period - Shot Blocked by Oliver Ekman-Larsson.
8:47 of 3rd period - Wrist shot by Dylan Strome.
8:47 of 3rd period - Stopped by Jake Allen without a rebound.
8:48 of 3rd period - Elias Lindholm wins face-off versus Evgeny Kuznetsov in Philadelphia Flyers zone.
8:57 of 3rd period - Wrist shot by Elias Lindholm.
8:57 of 3rd period - Deflect By Matt Duchene.
8:57 of 3rd period - Stopped by Ilya Samsonov with a rebound.
8:59 of 3rd period - Snap shot by Matt Duchene.
8:59 of 3rd period - Stopped by Ilya Samsonov without a rebound.
9:00 of 3rd period - Radek Faksa wins face-off versus Ryan O'Reilly in Colorado Rockies zone.
9:03 of 3rd period - Wrist shot by Max Pacioretty.
9:03 of 3rd period - Shot Misses the Net.
9:05 of 3rd period - Slapshot by Justin Faulk.
9:05 of 3rd period - Stopped by Ilya Samsonov with a rebound.
9:07 of 3rd period - Slapshot by Max Pacioretty.
9:07 of 3rd period - Shot Misses the Net.
9:09 of 3rd period - Slapshot by Justin Faulk.
9:09 of 3rd period - Stopped by Ilya Samsonov with a rebound.
9:11 of 3rd period - Slapshot by Justin Faulk.
9:11 of 3rd period - Stopped by Ilya Samsonov with a rebound.
9:25 of 3rd period - Ben Chiarot is hit by Tim Stutzle and loses puck.
9:38 of 3rd period - Slapshot by Nikita Kucherov.
9:38 of 3rd period - Stopped by Jake Allen with a rebound.
10:16 of 3rd period - Snap shot by Max Pacioretty.
10:16 of 3rd period - Stopped by Ilya Samsonov with a rebound.
10:45 of 3rd period - Roman Josi is hit by Lukas Sedlak and loses puck.
11:28 of 3rd period - Wrist shot by Kyle Connor.
11:28 of 3rd period - Shot Blocked by Matt Roy.
11:30 of 3rd period - Slapshot by David Pastrnak.
11:30 of 3rd period - Stopped by Jake Allen with a rebound.
12:30 of 3rd period - Snap shot by Auston Matthews.
12:30 of 3rd period - Shot Misses the Net.
12:32 of 3rd period - Slapshot by Ben Chiarot.
12:32 of 3rd period - Stopped by Ilya Samsonov without a rebound.
12:33 of 3rd period - Evgeny Kuznetsov wins face-off versus Radek Faksa in Colorado Rockies zone.
12:55 of 3rd period - Icing by Evgeny Kuznetsov.
12:56 of 3rd period - Evgeny Kuznetsov wins face-off versus Elias Lindholm in Colorado Rockies zone.
12:56 of 3rd period - Evgeny Kuznetsov is hit by Lukas Sedlak.
13:04 of 3rd period - Justin Faulk is hit by David Pastrnak and loses puck.
13:21 of 3rd period - Quinn Hughes is hit by Lukas Sedlak and loses puck.
13:27 of 3rd period - Off-side.
13:28 of 3rd period - Evgeny Kuznetsov wins face-off versus Radek Faksa in neutral zone.
13:44 of 3rd period - Snap shot by Radek Faksa.
13:44 of 3rd period - Stopped by Ilya Samsonov without a rebound.
13:45 of 3rd period - Dylan Strome wins face-off versus Vladimir Tarasenko in Colorado Rockies zone.
13:52 of 3rd period - Snap shot by Nick Schmaltz.
13:52 of 3rd period - Shot Misses the Net.
13:54 of 3rd period - Snap shot by Jesper Bratt.
13:54 of 3rd period - Goal by Jesper Bratt - Philadelphia Flyers : 3 - Colorado Rockies : 2.
13:55 of 3rd period - Radek Faksa wins face-off versus Ryan O'Reilly in neutral zone.
13:59 of 3rd period - Off-side.
14:00 of 3rd period - Ryan O'Reilly wins face-off versus Radek Faksa in neutral zone.
14:35 of 3rd period - Wrist shot by Nick Schmaltz.
14:35 of 3rd period - Shot Misses the Net.
15:24 of 3rd period - Slapshot by Matt Duchene.
15:24 of 3rd period - Shot Misses the Net.
15:26 of 3rd period - Slapshot by Elias Lindholm.
15:26 of 3rd period - Shot Misses the Net.
15:28 of 3rd period - Snap shot by Artem Zub.
15:28 of 3rd period - Shot Misses the Net.
16:08 of 3rd period - Wrist shot by Kyle Palmieri.
16:08 of 3rd period - Shot Misses the Net.
17:14 of 3rd period - Minor Penalty to Quinn Hughes for Roughing.
17:15 of 3rd period - Ryan O'Reilly wins face-off versus Auston Matthews in Colorado Rockies zone.
17:48 of 3rd period - Martin Fehervary is hit by Justin Faulk and loses puck.
19:14 of 3rd period - Penalty to Quinn Hughes is over, Quinn Hughes is back on ice.
19:24 of 3rd period - Colorado Rockies, Ilya Samsonov is pulled from the net.
19:49 of 3rd period - Wrist shot by Radek Faksa.
19:49 of 3rd period - Shot Blocked by Nikita Kucherov.
19:51 of 3rd period - Snap shot by Artem Zub.
19:51 of 3rd period - Shot Misses the Net.
19:53 of 3rd period - Slapshot by Ben Chiarot.
19:53 of 3rd period - Goal by Ben Chiarot - Philadelphia Flyers : 4 - Colorado Rockies : 2.
19:53 of 3rd period - Ilya Samsonov from Colorado Rockies was sent back in the game.
19:54 of 3rd period - Ryan O'Reilly wins face-off versus Elias Lindholm in neutral zone.
19:56 of 3rd period - Off-side.
19:57 of 3rd period - Elias Lindholm wins face-off versus Ryan O'Reilly in neutral zone.
Goals for this period are 1 for Philadelphia Flyers vs 1 for Colorado Rockies.
Shots for this period are 12 for Philadelphia Flyers vs 8 for Colorado Rockies.
Back to the Top